 Dungeon Crawl Stone Soup version 0.28.0-43-g3370ac3207 (webtiles) character file.

Game seed: 1622051924012463442

315 Ablot the Grasshopper (level 6, -5/51 HPs)
             Began as a Gnoll Warper on Feb 27, 2022.
             Slain by Natasha (8 damage)
             ... on level 3 of the Dungeon.
             The game lasted 00:03:45 (3104 turns).

Ablot the Grasshopper (Gnoll Warper)                Turns: 3104, Time: 00:03:45

Health: -5/51      AC:  4    Str: 13    XL:     6   Next: 43%
Magic:  14/14      EV: 13    Int: 12    God:
Gold:   50         SH:  0    Dex: 11    Spells: 13/15 levels left

rFire   + . .      SeeInvis .   a - +1 trident (flame)
rCold   + . .      Faith    .   (no shield)
rNeg    . . .      Spirit   .   b - +0 leather armour
rPois   .          Reflect  .   m - +0 helmet
rElec   .          Harm     .   o - scarf {rC+ rF+}
rCorr   .          Rampage  .   (no gloves)
Will    .....                   (no boots)
Stlth   ++........              (no amulet)
HPRegen 0.17/turn               (no ring)
MPRegen 0.14/turn               (no ring)

@: slowed, very slow
A: fangs 1, strong nose, distributed training
a: no special abilities


You were on level 3 of the Dungeon.
You visited 1 branch of the dungeon, and saw 3 of its levels.

You collected 50 gold pieces.

Inventory:

Hand Weapons
 a - a +1 trident of flaming (weapon)
Missiles
 d - 5 boomerangs of dispersal (quivered)
 f - 68 stones
 h - 10 bolts
 r - 6 datura-tipped darts
Armour
 b - a +0 leather armour (worn)
 m - a +0 helmet (worn)
 o - a scarf of resistance (worn)
Jewellery
 n - a ring of ice
Scrolls
 c - a scroll of blinking
 g - a scroll of torment {unknown}
 i - a scroll of amnesia {unknown}
 k - a scroll of identify {unknown}
 s - 2 scrolls of fear {unknown}
 t - a scroll of teleportation {unknown}
Potions
 e - a potion of haste {unknown}
 j - a potion of attraction {unknown}
 l - a potion of curing {unknown}
 p - a potion of degeneration {unknown}


   Skills:
 + Level 5.0 Fighting
 + Level 2.0 Short Blades
 + Level 2.0 Long Blades
 + Level 2.0 Axes
 + Level 2.0 Maces & Flails
 + Level 5.0 Polearms
 + Level 2.0 Staves
 + Level 2.0 Slings
 + Level 2.0 Bows
 + Level 2.0 Crossbows
 + Level 3.2 Throwing
 + Level 3.2 Armour
 + Level 5.0 Dodging
 + Level 2.0 Stealth
 + Level 2.0 Shields
 + Level 2.0 Unarmed Combat
 + Level 5.3 Spellcasting
 + Level 1.5 Conjurations
 + Level 1.5 Hexes
 + Level 1.5 Summonings
 + Level 1.5 Necromancy
 + Level 5.6 Translocations
 + Level 1.5 Transmutations
 + Level 1.5 Fire Magic
 + Level 1.5 Ice Magic
 + Level 1.5 Air Magic
 + Level 1.5 Earth Magic
 + Level 1.5 Poison Magic
 + Level 2.1 Invocations
 + Level 2.0 Evocations


You had 13 spell levels left.
You knew the following spells:

 Your Spells              Type           Power      Damage    Failure   Level
a - Blink                 Tloc           32%        N/A       3%          2

Your spell library contained the following spells:

 Spells                   Type           Power      Damage    Failure   Level
 Gell's Gravitas          Tloc           16%        N/A       7%          3
 Lesser Beckoning         Tloc           16%        N/A       7%          3
 Teleport Other           Tloc           16%        N/A       7%          3
 Scorch                   Fire           12%        2d5       21%         2
 Manifold Assault         Tloc           16%        N/A       54%         5
 Flame Wave               Conj/Fire      6%         2d5       78%         4
 Summon Cactus Giant      Summ           3%         N/A       100%        6


Dungeon Overview and Level Annotations

Branches:
Dungeon (3/15)

Altars:

Shops:
D:3 [

Annotations:
D:3 Natasha


Innate Abilities, Weirdness & Mutations

You have very sharp teeth.
Your uncanny sense of smell can sniff out nearby items.
Your experience applies equally to all skills.


Message History

You barely miss Natasha.
Natasha is moderately wounded.
The shadow imp hits you. Natasha barely misses you.
You closely miss Natasha. Your bite misses Natasha.
Natasha is moderately wounded.
The shadow imp closely misses you. Natasha claws you.
The shadow imp hits you but does no damage.
Natasha extends her claws.
Natasha claws you.
You closely miss Natasha. Your punch misses Natasha.
Natasha is moderately wounded.
The shadow imp laughs crazily.
The shadow imp hits you.
* * * LOW HITPOINT WARNING * * *
Natasha claws you.
* * * LOW HITPOINT WARNING * * *
You closely miss Natasha.
Natasha is moderately wounded.
The shadow imp hits you but does no damage.
Natasha claws you!
* * * LOW HITPOINT WARNING * * *
The shadow imp closely misses you. Natasha closely misses you.
You hit Natasha. You burn Natasha. Your bite misses Natasha.
Natasha is heavily wounded.
The shadow imp barely misses you. Natasha misses you.
You barely miss Natasha.
Natasha is heavily wounded.
The shadow imp hits you.
* * * LOW HITPOINT WARNING * * *
Natasha misses you. The shadow imp closely misses you.
Natasha casts a spell at you.
You feel as though you will be slow longer.
You hit Natasha. You burn Natasha. Your bite misses Natasha.
Natasha is severely wounded.
The shadow imp misses you. Natasha closely misses you.
Unknown command.
You hit Natasha. You burn Natasha.
Natasha is almost dead.
The shadow imp closely misses you. Natasha claws you!
You die...

#......# ....
#......# 5...
#..#...### .P?.5
#..#.....### .....
#.÷..###...##.#
...P.P#.#..###.#.##.#
....P.#....#.....##.#
#...##(..#>)..5P.##.#
.........###.h@..##.#
### ##.......#
#..P..##.# ..#
#########
#...÷.##.#####.#
###.##.......#.#
#.##.#.##.##.#
#.##.#....##.#
#....####<##.# ######
#.....# #######


You could see Natasha and a shadow imp (summoned).

Vanquished Creatures
  Grinder (D:3)
  Terence (D:3)
  Natasha (D:3)
  Robin (D:2)
  3 adders
  4 bats
  4 endoplasms
  2 giant cockroaches
  10 goblins
  5 hobgoblins
  A kobold (D:3)
  A quokka (D:3)
  5 rats
39 creatures vanquished.

Vanquished Creatures (others)
  4 plants (D:3)
4 creatures vanquished.

Grand Total: 43 creatures vanquished

Notes
Turn   | Place    | Note
-------+----------+-------------------------------------------
     0 | D:1      | Ablot the Gnoll Warper began the quest for the Orb.
     0 | D:1      | Reached XP level 1. HP: 20/20 MP: 6/6
   676 | D:1      | Reached XP level 2. HP: 26/26 MP: 7/7
   679 | D:1      | Learned a level 2 spell: Blink
  1617 | D:2      | Reached skill level 5 in Spellcasting
  1617 | D:2      | Reached XP level 3. HP: 24/31 MP: 7/9
  2308 | D:3      | Reached skill level 1 in Invocations
  2521 | D:3      | Noticed Robin
  2553 | D:2      | Reached skill level 1 in Short Blades
  2553 | D:2      | Reached skill level 1 in Long Blades
  2553 | D:2      | Reached skill level 1 in Axes
  2553 | D:2      | Reached skill level 1 in Maces & Flails
  2553 | D:2      | Reached skill level 1 in Staves
  2553 | D:2      | Reached skill level 1 in Slings
  2553 | D:2      | Reached skill level 1 in Bows
  2553 | D:2      | Reached skill level 1 in Crossbows
  2553 | D:2      | Reached skill level 1 in Stealth
  2553 | D:2      | Reached skill level 1 in Shields
  2553 | D:2      | Reached skill level 1 in Unarmed Combat
  2553 | D:2      | Reached skill level 1 in Evocations
  2611 | D:2      | Reached XP level 4. HP: 38/38 MP: 11/11
  2663 | D:3      | Noticed Terence
  2677 | D:2      | Killed Robin
  2796 | D:3      | Found Arhyonn's Antique Armour Shoppe.
  2802 | D:3      | Noticed Natasha
  2808 | D:3      | Killed Natasha
  2809 | D:3      | Reached skill level 1 in Conjurations
  2809 | D:3      | Reached skill level 1 in Hexes
  2809 | D:3      | Reached skill level 1 in Summonings
  2809 | D:3      | Reached skill level 1 in Necromancy
  2809 | D:3      | Reached skill level 1 in Transmutations
  2809 | D:3      | Reached skill level 1 in Fire Magic
  2809 | D:3      | Reached skill level 1 in Ice Magic
  2809 | D:3      | Reached skill level 1 in Air Magic
  2809 | D:3      | Reached skill level 1 in Earth Magic
  2809 | D:3      | Reached skill level 1 in Poison Magic
  2870 | D:3      | Noticed Grinder
  2903 | D:3      | Killed Terence
  2904 | D:3      | Reached XP level 5. HP: 32/43 MP: 12/12
  2907 | D:3      | Paralysed by Grinder for 3 turns
  2919 | D:3      | Killed Grinder
  2920 | D:3      | Reached skill level 5 in Fighting
  2920 | D:3      | Reached skill level 5 in Polearms
  2920 | D:3      | Reached skill level 5 in Dodging
  2920 | D:3      | Reached XP level 6. HP: 8/51 MP: 14/14
  3087 | D:3      | Noticed Natasha
  3104 | D:3      | Slain by Natasha

Illustrated notes

Levels and vault maps discovered:
D:1:      nicolae_arrival_somewhat_less_tricky_arrival, layout_basic,
          hangedman_decor_points, minmay_misc_feat_ornament
D:2:      layout_basic
D:3:      cheibrodos_old_hovel, layout_basic,
          dilly_ecumenical_altar_fadedgnrine, serial_rivers,
          chequers_serial_rivers_small_b, chequers_serial_rivers_marsh,
          chequers_serial_rivers_micro_c, chequers_serial_rivers_micro_e,
          chequers_serial_rivers_small_b, chequers_serial_rivers_micro_a,
          serial_shops, nicolae_shop_overgrown_old_shop, uniq_grinder,
          uniq_natasha, uniq_terence, uniq_robin

Skill      XL: |  1  2  3  4  5 |
---------------+----------------+-----
Spellcasting   | 5 |  5.3
Invocations    | 1 2 |  2.1
Short Blades   | 1 2 |  2.0
Long Blades    | 1 2 |  2.0
Axes           | 1 2 |  2.0
Maces & Flails | 1 2 |  2.0
Staves         | 1 2 |  2.0
Slings         | 1 2 |  2.0
Bows           | 1 2 |  2.0
Crossbows      | 1 2 |  2.0
Stealth        | 1 2 |  2.0
Shields        | 1 2 |  2.0
Unarmed Combat | 1 2 |  2.0
Evocations     | 1 2 |  2.0
Conjurations   | 1 |  1.5
Hexes          | 1 |  1.5
Summonings     | 1 |  1.5
Necromancy     | 1 |  1.5
Transmutations | 1 |  1.5
Fire Magic     | 1 |  1.5
Ice Magic      | 1 |  1.5
Air Magic      | 1 |  1.5
Earth Magic    | 1 |  1.5
Poison Magic   | 1 |  1.5
Fighting       | 5 |  5.0
Polearms       | 5 |  5.0
Throwing       | 3 |  3.2
Armour         | 3 |  3.2
Dodging        | 5 |  5.0
Translocations | |  5.6

Action                   |  1- 3 |  4- 6 || total
-------------------------+-------+-------++-------
Melee: Spear             |   108 |    21 ||   129
       Bite              |     7 |     7 ||    14
       Punch             |     1 |     4 ||     5
       Trident           |       |    47 ||    47
Throw: Dart              |       |     2 ||     2
Armor: Leather armour    |    36 |    14 ||    50
Dodge: Dodged            |    88 |    41 ||   129
